 Dungeon Crawl Stone Soup version 0.22.0-38-g04b72b8c25 (webtiles) character file.

3950 Jynx the Slicer (level 10, -1/63 HPs)
             Began as a Merfolk Ice Elementalist on Aug 30, 2018.
             Killed by the air
             ... invoked by Gastronok
              (11 damage)
             ... on level 8 of the Dungeon.
             The game lasted 00:27:40 (11185 turns).

Jynx the Slicer (Merfolk Ice Elementalist)         Turns: 11185, Time: 00:27:41

Health: -1/63      AC: 13    Str:  5 (8)  XL:     10   Next: 21%
Magic:  0/17       EV: 16    Int: 13 (16) God:
Gold:   357        SH:  0    Dex: 14 (17) Spells: 10/19 levels left

rFire    . . .     SeeInvis .   m - +0 short sword (freeze)
rCold    . . .     Gourm    .   (no shield)
rNeg     . . .     Faith    .   v - +1 robe {MR+}
rPois    .         Spirit   .   (no helmet)
rElec    .         Reflect  .   n - +2 cloak
rCorr    .         Harm     .   (no gloves)
MR       +....                  k - +0 pair of boots
Stlth    +++.......             (no amulet)
HPRegen  0.20/turn              j - ring of stealth
MPRegen  0.15/turn              (no ring)

@: icy armour
A: change form in water, swift swim, stealthy swim
a: no special abilities


You were on level 8 of the Dungeon.
You were not hungry.

You visited 1 branch of the dungeon, and saw 8 of its levels.

You collected 357 gold pieces.

Inventory:

Hand Weapons
 m - a +0 short sword of freezing (weapon)
Armour
 k - a +0 pair of boots (worn)
 n - a +2 cloak (worn)
 v - a +1 robe of magic resistance (worn)
Jewellery
 b - an uncursed amulet of harm
 f - an uncursed amulet of magic regeneration {unknown}
 j - a ring of stealth (left hand)
 p - an uncursed ring of fire
Wands
 h - a wand of digging (13)
 s - a wand of flame (24)
 w - a wand of clouds (5)
Scrolls
 i - a scroll of enchant weapon {unknown}
 o - a scroll of random uselessness {unknown}
 q - a scroll of remove curse
 r - a scroll of immolation {unknown}
 t - a scroll of vulnerability
Potions
 a - a potion of heal wounds {unknown}
 d - a potion of degeneration
 e - a potion of lignification
 g - a potion of curing
 l - a potion of mutation {unknown}
 u - 2 potions of resistance {unknown}
Comestibles
 c - 6 rations
 x - a chunk of flesh


   Skills:
 + Level 9.8 Short Blades
 + Level 7.0 Dodging
 - Level 2.1 Stealth
 - Level 5.0 Spellcasting
 - Level 0.7 Conjurations
 - Level 5.0 Charms
 - Level 3.8 Necromancy
 - Level 8.0 Ice Magic


You had 10 spell levels left.
You knew the following spells:

 Your Spells              Type           Power        Failure   Level  Hunger
a - Freeze                Ice            ###.         1%          1    None
b - Throw Frost           Conj/Ice       ##....       4%          2    ##.....
c - Ozocubu's Armour      Chrm/Ice       ###.....     3%          3    ###....
d - Regeneration          Chrm/Necr      ##........   9%          3    ###....

Your spell library contained the following spells:

 Spells                   Type           Power        Failure   Level  Hunger
 Animate Skeleton         Necr           N/A          4%          1    None
 Pain                     Necr           ##..         4%          1    None
 Vampiric Draining        Necr           ##........   12%         3    ###....
 Throw Icicle             Conj/Ice       ##......     30%         4    ####...
 Summon Ice Beast         Ice/Summ       ##......     34%         4    ####...
 Animate Dead             Necr           N/A          36%         4    ####...


Dungeon Overview and Level Annotations

Branches:
Dungeon (8/15)             Temple (0/1) D:5
   Lair: D:8-11

Altars:
Nemelex Xobeh
Ru

Annotations:
D:8 Gastronok


Message History

Gastronok is severely wounded.
Gastronok bites you!
* * * LOW HITPOINT WARNING * * *
Casting: Freeze (safe; 1% risk of failure)
Confirm with . or Enter, or press ? or * to list all spells.
Aiming: Freeze (safe; 1% risk of failure)
Press: ? - help, Shift-Dir - straight line, f/p - Gastronok
Aim: Gastronok, wearing a runed hat (severely wounded, covering ground quickly)
You freeze Gastronok.
Gastronok is severely wounded.
Casting: Freeze (safe; 1% risk of failure)
Confirm with . or Enter, or press ? or * to list all spells.
Aiming: Freeze (safe; 1% risk of failure)
Press: ? - help, Shift-Dir - straight line, f/p - Gastronok
Aim: Gastronok, wearing a runed hat (severely wounded, covering ground quickly)
You freeze Gastronok.
Gastronok is severely wounded.
Gastronok waves his eye-stalks in wide circles.
The air twists around and strikes you!
You die...

.# #.#..(....# .#
.#####.#..##...#
#.#
....##.#..###..#
##.# ..........#
#..##..#
#..........###....#
#................##
....##...#####...#
.#..##...# #...#
###......# ##.@#
##......# ##w#
##...#...# ...
.....###... .....
..#..###..# #.....#
.#........# .......
...###....
.......## #.## ##..
........# .#.## . .


You could see Gastronok.

Vanquished Creatures
  Harold (D:8)
  Pikel (D:7)
  Joseph (D:7)
  Prince Ribbit (D:7)
  A hungry ghost (D:7)
  An orc warrior (D:7)
  A black bear (D:7)
  3 centaurs
  4 ogres
  A big kobold (D:8)
  A wyvern skeleton (D:7)
  3 killer bees (D:7)
  2 howler monkeys
  2 centaur zombies
  A hound (D:8)
  A jelly (D:7)
  10 orc wizards
  A bullfrog skeleton (D:5)
  3 orc priests (D:7)
  A gnoll shaman (D:7)
  A centaur skeleton (D:4)
  Jessica (D:2)
  2 iguanas
  7 worker ants
  A hound zombie (D:5)
  A howler monkey zombie (D:8)
  13 gnolls
  7 adders
  A shadow imp (D:5)
  An adder skeleton (D:5)
  4 worms
  2 dart slugs
  32 orcs
  6 giant cockroaches
  5 goblins
  8 hobgoblins
  7 jackals
  11 kobolds
  2 quokkas (D:2)
  11 bats
  3 frilled lizards
  A leopard gecko skeleton (D:4)
  6 rats
173 creatures vanquished.

Vanquished Creatures (others)
  A slave (D:7)
1 creature vanquished.

Grand Total: 174 creatures vanquished

Notes
Turn   | Place    | Note
-------+----------+-------------------------------------------
     0 | D:1      | Jynx the Merfolk Ice Elementalist began the quest for the Orb.
     0 | D:1      | Reached XP level 1. HP: 13/13 MP: 3/3
   220 | D:1      | Reached XP level 2. HP: 19/19 MP: 1/5
   738 | D:1      | Learned a level 2 spell: Throw Frost
  1485 | D:2      | Noticed Jessica
  1488 | D:2      | Killed Jessica
  1488 | D:2      | Reached skill level 1 in Short Blades
  1488 | D:2      | Reached XP level 3. HP: 24/24 MP: 3/6
  1574 | D:2      | Reached XP level 4. HP: 8/30 MP: 1/7
  1819 | D:2      | Learned a level 3 spell: Ozocubu's Armour
  1876 | D:2      | Found a sacrificial altar of Ru.
  2849 | D:3      | Reached skill level 2 in Short Blades
  2960 | D:3      | Reached skill level 5 in Ice Magic
  2965 | D:3      | Reached XP level 5. HP: 27/35 MP: 2/9
  3862 | D:4      | Reached XP level 6. HP: 21/41 MP: 5/10
  4085 | D:4      | Reached skill level 3 in Short Blades
  4767 | D:4      | Reached XP level 7. HP: 42/46 MP: 4/12
  5099 | D:5      | Entered Level 5 of the Dungeon
  5191 | D:5      | Learned a level 3 spell: Regeneration
  5278 | D:5      | Reached skill level 4 in Short Blades
  5452 | D:5      | Found a staircase to the Ecumenical Temple.
  6430 | D:5      | Reached XP level 8. HP: 52/52 MP: 14/14
  6476 | D:5      | Reached skill level 5 in Short Blades
  7210 | D:6      | Reached skill level 1 in Charms
  7921 | D:7      | Reached skill level 1 in Necromancy
  8176 | D:7      | Reached skill level 5 in Spellcasting
  8194 | D:7      | Noticed Joseph
  8215 | D:7      | Killed Joseph
  8215 | D:7      | Reached skill level 6 in Short Blades
  8664 | D:7      | Reached XP level 9. HP: 39/57 MP: 6/16
  8921 | D:7      | Noticed Prince Ribbit
  8959 | D:7      | Reached skill level 7 in Short Blades
  9287 | D:7      | Noticed Pikel
  9315 | D:7      | Killed Pikel
  9315 | D:7      | Reached skill level 5 in Charms
  9360 | D:7      | Killed Prince Ribbit
  9360 | D:7      | Reached skill level 8 in Short Blades
  9959 | D:7      | Found a sparkling altar of Nemelex Xobeh.
 10291 | D:8      | Noticed Harold
 10312 | D:8      | Killed Harold
 10312 | D:8      | Reached skill level 9 in Short Blades
 10312 | D:8      | Reached XP level 10. HP: 13/63 MP: 0/17
 11162 | D:8      | Noticed Gastronok
 11185 | D:8      | Killed from afar by Gastronok

Skill      XL: |  1  2  3  4  5  6  7  8  9 10 |
---------------+-------------------------------+-----
Ice Magic      | 4 5 6 7 8 |  8.0
Short Blades   | 1 2 3 4 6 9 |  9.8
Spellcasting   | 3 4 5 |  5.0
Charms         | 3 5 |  5.0
Necromancy     | 2 3 |  3.8
Dodging        | 6 7 |  7.0
Stealth        | |  2.1
Conjurations   | |  0.7

Action                   |  1- 3 |  4- 6 |  7- 9 | 10-12 || total
-------------------------+-------+-------+-------+-------++-------
Melee: Unarmed           |    12 |       |       |       ||    12
       Short sword       |    15 |   150 |   281 |    38 ||   484
 Cast: Freeze            |    37 |    83 |   162 |    27 ||   309
       Ozocubu's Armour  |       |       |    18 |     1 ||    19
       Regeneration      |       |       |     2 |       ||     2
  Use: Scroll            |     1 |     8 |     3 |       ||    12
       Potion            |       |       |     3 |     3 ||     6
 Stab: Sleeping          |       |     4 |     9 |     2 ||    15
       Distracted        |       |     1 |       |       ||     1
  Eat: Chunk             |     3 |     9 |    15 |       ||    27
       Ration            |       |       |     3 |     1 ||     4
Armor: Robe              |     9 |     5 |    71 |    12 ||    97
       Ring mail         |    10 |    85 |       |       ||    95
       Skin              |       |       |       |    15 ||    15
Dodge: Dodged            |    43 |   106 |   219 |    29 ||   397
